 Dungeon Sprint DCSS version 0.19.0-22-gd96e5fe (webtiles) character file.

0 equalderp2856 the Scratcher (level 1, -1/10 HPs)
             Began as a Felid Fighter on Nov 18, 2016.
             Killed by nerve-wracking pain
             ... invoked by Jessica
              (6 damage)
             ... in the Dungeon (Sprint VI: "Thunderdome").
             The game lasted 00:00:40 (65 turns).

equalderp2856 the Scratcher (Felid Fighter)           Turns: 65, Time: 00:00:41

Health: -1/10      AC:  1    Str: 12    XL:     1   Next: 50%
Magic:  2/2        EV: 19    Int:  9    God:
Gold:   200        SH:  0    Dex: 15    Spells: 0 memorised, 0 levels left
                                        Lives:  0   Deaths: 0

rFire  . . .     SeeInvis +       - Unarmed
rCold  . . .     Gourm    .     (armour unavailable)
rNeg   . . .     Faith    .     (shield unavailable)
rPois  .         Spirit   .     (helmet unavailable)
rElec  .         Reflect  .     (cloak unavailable)
rCorr  .         Harm     .     (gloves unavailable)
MR     .....     NoTele   +     (boots unavailable)
Stlth  ++........               (no amulet)
                                (no ring)
                                (no ring)

@: quick
A: no armour, no weapons or thrown items, stealth, claws 1, fangs 3, see
invisible, carnivore 3, speed 1, shaggy fur 1, slow metabolism 1, sharp paws
a: no special abilities


You were in the Dungeon.
You were not hungry.

You visited 1 branch You collected 200 gold pieces.

Inventory:

Wands
 j - a wand of acid (5/15)
 k - a wand of iceblast (5/15)
Scrolls
 h - 4 scrolls of blinking
 l - 3 scrolls of fog
Potions
 a - a potion of might
 c - a potion of curing
 d - 4 potions of heal wounds
 e - 4 potions of haste
 f - 2 potions of magic
 g - a potion of berserk rage
 i - a potion of resistance
Comestibles
 b - a meat ration


   Skills:
 + Level 3.3 Fighting
 + Level 4.4 Dodging
 + Level 4.6 Unarmed Combat


You couldn't memorise any spells.
You didn't know any spells.

Dungeon Overview and Level Annotations

Branches:
Dungeon (1/1)

Altars:
Dithmenos
Fedhas
Kikubaaqudgha
Makhleb
Qazlal
Ru
Trog
Vehumet
Zin
The Shining One
Beogh
Lugonu

Shops:
D *[%?**[(

Annotations:
D Jessica


Innate Abilities, Weirdness & Mutations

You cannot wear armour.
You are incapable of wielding weapons or throwing items.
Your paws allow you to move quietly. (Stealth)
You have sharp claws.
You have razor-sharp teeth.
You have supernaturally acute eyesight. (SInv)
You are carnivorous and can eat meat at any time.
You cover ground quickly.
You are covered in fur. (AC +1)
You have a slow metabolism.
Your sharp claws are effective at attacking unaware monsters.


Message History

You barely miss the ball python. The ball python bites you.
The ball python completely misses you.
You barely miss the ball python. The ball python misses you.
The ball python grabs you. The ball python constricts you.
You escape the ball python's grasp.
The ball python misses you. The ball python grabs you.
The ball python constricts you.
You escape the ball python's grasp.
You scratch the ball python. You bite the ball python.
You kill the ball python!
You see here a ball python corpse.
There is an entrance to Hogip's Premium Goods here.
There is an entrance to Ocumefesa's Miscellaneous Merchandise here.
Jessica the Apprentice Sorceress comes into view.
There is an entrance to Pikom's Basic Armour here.
A jackal comes into view.
Found a sacrificial altar of Ru.
Jessica casts a spell at you. Pain shoots through your body!
Ouch! That really hurt!
You die...

..........# #.<.#
......÷...###...###.....
.............###........
##∩........8.# #.8......
##∩_._......###......_
######.8.........8.#
#⌠...........⌠#
###......@..###
#_.....@..# #_.†....._#
#_......._# #∩..h....∩#
##∩.....∩## ##.....##
##⌠§⌠## #####


You could see Jessica and a jackal (wandering).

Vanquished Creatures
  A ball python (D)
  A bat skeleton (D)
  A quokka (D)
3 creatures vanquished.

Notes
Turn   | Place    | Note
-------+----------+-------------------------------------------
     0 | D        | equalderp2856 the Felid Fighter began the quest for the Orb.
     0 | D        | Reached XP level 1. HP: 10/10 MP: 2/2
     4 | D        | Found a burning altar of Makhleb.
     5 | D        | Found a stormy altar of Qazlal.
     5 | D        | Found a corrupted altar of Lugonu.
     6 | D        | Found a blossoming altar of Fedhas.
     6 | D        | Found an ancient bone altar of Kikubaaqudgha.
     7 | D        | Found Aqatatre's Bee Food.
     7 | D        | Found a glowing golden altar of the Shining One.
     7 | D        | Found Bethudde's Identification Station.
     7 | D        | Round 1.
     8 | D        | Found Ossuyb's Jewellery.
     8 | D        | Found Kiushru's Advanced Armour.
    20 | D        | Found a roughly hewn altar of Beogh.
    29 | D        | Found a bloodstained altar of Trog.
    30 | D        | Found a radiant altar of Vehumet.
    33 | D        | Found Hogip's Premium Goods.
    34 | D        | Found a glowing silver altar of Zin.
    34 | D        | Found a shadowy altar of Dithmenos.
    34 | D        | Found Uklissi's Weapon Rack.
    35 | D        | Found Ocumefesa's Miscellaneous Merchandise.
    35 | D        | Found Pikom's Basic Armour.
    61 | D        | Noticed Jessica
    64 | D        | Found a sacrificial altar of Ru.
    65 | D        | Killed from afar by Jessica

Action                   || total
-------------------------++-------
Melee: Unarmed           ||    10
       Punch             ||     1
       Bite              ||     1
  Eat: Chunk             ||     1
Armor: Skin              ||     2
Dodge: Dodged            ||    21
